 Dungeon Crawl Stone Soup version 0.28.0-49-g6dfe1f597d (webtiles) character file.

Game seed: 3243570458273264545

563 Exodus22XD the Chopper (level 7, -2/61 HPs)
             Began as a Minotaur Fighter on May 14, 2022.
             Slain by a bullfrog skeleton (5 damage)
             ... on level 5 of the Dungeon.
             The game lasted 00:02:56 (4170 turns).

Exodus22XD the Chopper (Minotaur Fighter)           Turns: 4170, Time: 00:02:57

Health: -2/61      AC:  8    Str: 23    XL:     7   Next: 10%
Magic:  6/6        EV:  9    Int:  5    God:
Gold:   163        SH:  4    Dex:  9    Spells: 6/6 levels left

rFire   . . .      SeeInvis .   a - +0 war axe
rCold   . . .      Faith    +   c - +0 buckler
rNeg    . . .      Spirit   .   b - +0 scale mail
rPois   .          Reflect  .   (helmet restricted)
rElec   .          Harm     .   (no cloak)
rCorr   .          Rampage  .   (no gloves)
Will    +....                   m - +0 pair of boots
Stlth   ..........              j - amulet of faith
HPRegen 0.20/turn               k - ring of willpower
MPRegen 0.10/turn               (no ring)

@: mighty, brilliant
A: horns 2, retaliatory headbutt
a: no special abilities


You were on level 5 of the Dungeon.
You visited 1 branch of the dungeon, and saw 5 of its levels.

You collected 163 gold pieces.

Inventory:

Hand Weapons
 a - a +0 war axe (weapon)
Armour
 b - a +0 scale mail (worn)
 c - a +0 buckler (worn)
 m - a +0 pair of boots (worn)
Jewellery
 j - an amulet of faith (around neck)
 k - a ring of willpower (left hand)
Scrolls
 f - a scroll of amnesia
 i - a scroll of vulnerability
 n - 2 scrolls of magic mapping
Potions
 g - 2 potions of curing
 h - a potion of flight {unknown}
 l - a potion of ambrosia
 p - a potion of heal wounds {unknown}
 q - a potion of lignification


   Skills:
 + Level 5.2 Fighting
 + Level 6.3 Axes
 + Level 6.1 Armour
 + Level 4.6 Shields


You had 6 spell levels left.
You didn't know any spells.
Your spell library was empty.

Dungeon Overview and Level Annotations

Branches:
Dungeon (5/15)
 Temple: D:4-7

Altars:


Innate Abilities, Weirdness & Mutations

You have a pair of horns on your head.
You reflexively headbutt those who attack you in melee.


Message History

Unknown command.
You feel better. The bullfrog zombie hits you.
* * * LOW HITPOINT WARNING * * *
The gnoll barely misses you. You furiously retaliate!
You headbutt the gnoll.
The gnoll hits you from afar with a +0 spear.
* * * LOW HITPOINT WARNING * * *
The bullfrog zombie hits you but does no damage.
Unknown command.
Okay, then.
You barely miss the gnoll.
The gnoll is heavily wounded.
You barely miss the bullfrog zombie. You block the gnoll's attack.
The gnoll closely misses you. The bullfrog zombie hits you.
* * * LOW HITPOINT WARNING * * *
The gnoll hits you but does no damage. x2
You barely miss the gnoll.
The gnoll is heavily wounded.
You hit the bullfrog zombie.
The bullfrog zombie hits you but does no damage.
The gnoll barely misses you. You furiously retaliate!
You headbutt the gnoll!
You kill the gnoll!
The bullfrog zombie hits you but does no damage.
The gnoll hits you from afar with a +0 spear.
* * * LOW HITPOINT WARNING * * *
You barely miss the bullfrog zombie.
Your headbutt misses the bullfrog zombie.
The bullfrog zombie is almost destroyed.
You barely miss the bullfrog skeleton. The bullfrog zombie closely misses you.
You block the bullfrog skeleton's attack.
You block the gnoll's attack. The bullfrog zombie hits you.
* * * LOW HITPOINT WARNING * * *
The bullfrog skeleton closely misses you.
You slash the bullfrog zombie!
You destroy the bullfrog zombie!
You slash the bullfrog skeleton!
The gnoll hits you from afar with a +0 spear.
* * * LOW HITPOINT WARNING * * *
The bullfrog skeleton hits you but does no damage.
The bullfrog skeleton hits you.
You die...

## #....
##..... (....#
##....#
##.....#
#.######.....)#
.......<...#
#>#####.@†##
#.##Z# ...#.Z#
.....#.g.
.##........
#.###..... ..
##...## ##.##
.#


You could see a gnoll, an adder skeleton and a bullfrog skeleton.

Vanquished Creatures
  A water moccasin (D:5)
  An ogre (D:4)
  A kobold brigand (D:4)
  A scorpion (D:4)
  A bullfrog zombie (D:5)
  An iguana (D:4)
  An orc wizard (D:4)
  5 adders
  2 gnolls (D:5)
  A worm (D:2)
  2 dart slugs
  5 orcs (D:4)
  2 ball pythons
  8 endoplasms
  4 giant cockroaches
  6 goblins
  5 hobgoblins
  24 kobolds
  5 bats
  5 rats
81 creatures vanquished.

Vanquished Creatures (others)
  An orc wizard (D:4)
  12 plants (D:4)
13 creatures vanquished.

Grand Total: 94 creatures vanquished

Notes
Turn   | Place    | Note
-------+----------+-------------------------------------------
     0 | D:1      | Exodus22XD the Minotaur Fighter began the quest for the
                  | Orb.
     0 | D:1      | Reached XP level 1. HP: 19/19 MP: 0/0
   581 | D:1      | Reached XP level 2. HP: 27/27 MP: 1/1
  1345 | D:2      | Reached XP level 3. HP: 33/33 MP: 2/2
  2384 | D:4      | Noticed a scorpion
  2397 | D:4      | Killed a scorpion
  2398 | D:4      | Reached XP level 4. HP: 8/41 MP: 3/3
  2793 | D:4      | Noticed a kobold brigand
  2807 | D:4      | Killed a kobold brigand
  2808 | D:4      | Reached XP level 5. HP: 38/47 MP: 4/4
  2811 | D:4      | Reached skill level 5 in Armour
  3366 | D:4      | Reached skill level 5 in Axes
  3628 | D:4      | Reached XP level 6. HP: 50/55 MP: 5/5
  3872 | D:4      | Reached skill level 5 in Fighting
  4146 | D:5      | Entered Level 5 of the Dungeon
  4146 | D:5      | Noticed a water moccasin
  4154 | D:5      | Killed a water moccasin
  4164 | D:5      | Reached XP level 7. HP: 14/61 MP: 6/6
  4169 | D:5      | HP: 2/61 [gnoll/+0 spear (6)]
  4170 | D:5      | Slain by a bullfrog skeleton

Illustrated notes

Levels and vault maps discovered:
D:1:      mushboom_english_gardens, layout_loops_corners,
          chequers_decorated_corner, roderic_lattice_a
D:2:      layout_loops_ring
D:3:      layout_loops_ring
D:4:      kennysheep_kobold_camp, layout_loops_cross, serial_forest,
          infiniplex_forest_lined_corner, infiniplex_forest_straight_3,
          infiniplex_forest_3_way, infiniplex_forest_clump_small,
          infiniplex_forest_end_2, infiniplex_forest_join,
          infiniplex_forest_end_2, infiniplex_forest_straight_4,
          infiniplex_forest_straight_2, roderic_roman_lattice
D:5:      kb_forest_paths, layout_loops_ring, minmay_bent, uniq_edmund

Skill      XL: |  1  2  3  4  5  6 |
---------------+-------------------+-----
Fighting       | 4 5 |  5.2
Armour         | 4 5 6 |  6.1
Shields        | 4 |  4.6
Axes           | 4 5 6 |  6.3

Action                   |  1- 3 |  4- 6 |  7- 9 || total
-------------------------+-------+-------+-------++-------
Melee: War axe           |    67 |    75 |     4 ||   146
       Headbutt          |    10 |     9 |       ||    19
  Use: Potion            |     1 |     2 |     2 ||     5
       Scroll            |       |     6 |       ||     6
Armor: Scale mail        |    41 |    42 |     7 ||    90
Dodge: Dodged            |    24 |    38 |     6 ||    68
Block: Buckler           |    13 |    17 |     4 ||    34
